 Dungeon Crawl Stone Soup version 0.24.0-37-gcf1ca852f1 (webtiles) character file.

Game seed: 13647857970143425803, levelgen mode: deterministic

4139 lepoulpe303 the Spear-Bearer (level 10, -18/80 HPs)
             Began as a Merfolk Fighter on Nov 27, 2019.
             Was a Priest of Uskayaw.
             Demolished by a large slime creature (38 damage)
             ... on level 7 of the Dungeon.
             The game lasted 00:23:49 (7740 turns).

lepoulpe303 the Spear-Bearer (Merfolk Fighter)      Turns: 7740, Time: 00:23:50

Health: -18/80     AC: 13    Str: 19    XL:     10   Next: 27%
Magic:  9/13       EV: 10    Int:  9    God:    Uskayaw [***...]
Gold:   287        SH: 10    Dex: 13    Spells: 9/9 levels left

rFire    . . .     SeeInvis .   a - +0 trident
rCold    . . .     Gourm    .   c - +0 shield
rNeg     . . .     Faith    .   n - +0 chain mail
rPois    .         Spirit   .   m - +0 helmet
rElec    .         Reflect  .   v - +0 cloak
rCorr    .         Harm     .   (no gloves)
MR       .....                  y - +0 pair of boots
Stlth    ..........             (no amulet)
HPRegen  0.23/turn              x - ring of flight
MPRegen  0.13/turn              (no ring)

@: no status effects
A: change form in water, swift swim, stealthy swim
a: Stomp, Line Pass, Renounce Religion, Evoke Flight


You were on level 7 of the Dungeon.
You worshipped Uskayaw.
Uskayaw was noncommittal.
You were not hungry.

You visited 1 branch of the dungeon, and saw 7 of its levels.

You collected 287 gold pieces.

Inventory:

Hand Weapons
 a - a +0 trident (weapon)
Armour
 b - a +0 scale mail
 c - a +0 shield (worn)
 m - a +0 helmet (worn)
 n - a +0 chain mail (worn)
 v - a +0 cloak (worn)
 y - a +0 pair of boots (worn)
Jewellery
 x - a ring of flight (left hand)
 A - an uncursed amulet of guardian spirit {unknown}
Scrolls
 f - 2 scrolls of fog {unknown}
 h - 2 scrolls of teleportation {unknown}
 j - 2 scrolls of remove curse {unknown}
 l - 3 scrolls of identify {unknown}
 p - 4 scrolls of enchant armour {unknown}
 r - 4 scrolls of magic mapping {unknown}
 t - 3 scrolls of immolation {unknown}
 w - a scroll of fear {unknown}
 B - 2 scrolls of blinking {!r}
 D - a scroll of amnesia {unknown}
 E - a scroll of enchant weapon {unknown}
Potions
 d - a potion of might
 g - a potion of brilliance {unknown}
 i - 2 potions of agility {unknown}
 k - a potion of degeneration {unknown}
 o - a potion of haste {unknown}
 q - a potion of invisibility {unknown}
 s - a potion of heal wounds {unknown}
 u - 2 potions of curing {unknown}
 z - a potion of flight {unknown}
 C - 2 potions of lignification {unknown}
Comestibles
 e - 10 rations
 F - a chunk of flesh


   Skills:
 * Level 8.2 Fighting
 * Level 10.2 Polearms
 + Level 4.3 Armour
 * Level 9.1 Dodging
 + Level 5.6 Shields
 + Level 4.7 Invocations


You had 9 spell levels left.
You didn't know any spells.
Your spell library was empty.

Dungeon Overview and Level Annotations

Branches:
Dungeon (7/15)             Temple (0/1) D:5

Altars:
Cheibriados
Gozag
Hepliaklqana
Uskayaw
Wu Jian

Shops:
D:4 *


Message History

You puncture the slime creature! The slime creature closely misses you.
Your shield and chain mail prevent you from hitting the slime creature.
The slime creature is no longer sharing its pain.
Two slime creatures merge to form a large slime creature.
You hit the large slime creature.
The large slime creature is no longer sharing its pain.
The large slime creature appears confused.
The ooze appears confused.
You feel quite a bit more hungry.
Uskayaw will no longer force your foes to share their pain.
The ooze hits you but does no damage.
The large slime creature hits the ooze!!!
The ooze is killed!
You now have 9/13 mp.
The large slime creature seems less confused.
The large slime creature hits you!!
* * * LOW HITPOINT WARNING * * *
You take 32 damage, and have 20/80 hp.
MASSIVE DAMAGE!!
You hit the large slime creature. The large slime creature hits you!!!
You die...

#.# #.# #...# #.#. #.#
#.. ###.. #... #.# ###
###. #.# ####### ## ##.#
#......########## # ...#
#.÷÷.P.J##......##### #
.###
#......#.#.......##.# #
.# #..J...#.#........'.##
# )#
#.÷...J#@#........'..####
.#
#÷PJ.J.#J#'#...)..'((....
.#
#.÷...÷#.#.#...).##.#####
.# #÷..÷..#.#.#....#####
# .# #[..÷..##.####### #
.# ### # .# ### #
.#######.# # ...#.....###
#


You could see a large slime creature and an ooze.

Levels and vault maps discovered:
D:1:      dpeg_arrival_radiant, layout_basic
D:2:      layout_basic
D:3:      kennysheep_the_goblin_king, layout_loops_corners, lemuel_round_altar
D:4:      layout_basic, old_standard_altar, kennysheep_slug_shrine,
          first_ration, ebering_ghost_sewer_d, kennysheep_flooded_box,
          nicolae_gozag_zags_fifth_avenue, uniq_blork_the_orc
D:5:      layout_basic, overflow_temple_1_default,
          minmay_temple_entry_enclosed_plants, minmay_fire_ice_demons
D:6:      layout_gridville, minmay_misc_feat_ornament, uniq_pikel,
          uniq_eustachio
D:7:      cheibrodos_fertilizer, layout_loops_ring, nicolae_zen_rock_garden,
          grunt_livestock, uniq_prince_ribbit1

Notes
Turn   | Place    | Note
-------+----------+-------------------------------------------
     0 | D:1      | lepoulpe303 the Merfolk Fighter began the quest for the
                  | Orb.
     0 | D:1      | Reached XP level 1. HP: 18/18 MP: 1/1
   210 | D:1      | Reached skill level 1 in Dodging
   210 | D:1      | Reached XP level 2. HP: 22/24 MP: 2/2
   272 | D:1      | Identified a +0 short sword
   885 | D:2      | Identified a +0 helmet (You found it on level 2 of the
                  | Dungeon)
   952 | D:2      | Reached XP level 3. HP: 24/29 MP: 3/3
  1030 | D:3      | Identified a +0 hand axe
  1039 | D:3      | Identified a +0 dagger
  1039 | D:3      | Identified a +0 robe
  1039 | D:3      | Identified a +0 war axe
  1043 | D:3      | Reached skill level 2 in Dodging
  1127 | D:3      | Identified a +0 flail
  1127 | D:3      | Identified a +0 scale mail
  1182 | D:3      | Reached skill level 4 in Polearms
  1182 | D:3      | Reached XP level 4. HP: 33/37 MP: 4/4
  1430 | D:3      | Reached skill level 4 in Fighting
  1529 | D:3      | Found a hide-covered altar of Uskayaw.
  1623 | D:3      | Identified a +0 club
  1717 | D:3      | Identified a +0 dagger
  1717 | D:3      | Identified a +2 dagger of electrocution
  1717 | D:3      | Identified a cursed -1 dagger
  1718 | D:3      | Identified a +0 club
  1718 | D:3      | Identified a +0 club
  1739 | D:3      | Reached skill level 3 in Dodging
  2093 | D:3      | Reached XP level 5. HP: 39/42 MP: 5/5
  2223 | D:3      | Became a worshipper of Uskayaw the Reveler
  2284 | D:4      | Identified a +4 dagger
  2284 | D:4      | Identified a +0 robe
  2284 | D:4      | Identified a +0 mace
  2284 | D:4      | Identified a +0 chain mail
  2284 | D:4      | Identified a +0 short sword
  2298 | D:3      | Reached * piety under Uskayaw
  2303 | D:3      | Reached ** piety under Uskayaw
  2530 | D:4      | Found an opulent altar of Gozag.
  2534 | D:4      | Found Gozag's Platinum Reserve.
  2563 | D:4      | Identified a +0 short sword
  2563 | D:4      | Identified a +0 hand axe
  2563 | D:4      | Identified a +0 ring mail
  2564 | D:4      | Identified a cursed -2 club
  2564 | D:4      | Identified a +0 chain mail
  2587 | D:4      | Identified a +0 club
  2587 | D:4      | Identified a cursed +0 leather armour
  2739 | D:4      | Found a snail-covered altar of Cheibriados.
  2805 | D:4      | Identified a +0 long sword
  2805 | D:4      | Identified a +0 robe of magic resistance
  2805 | D:4      | Noticed Blork the orc
  2825 | D:4      | Killed Blork the orc
  2825 | D:4      | Reached skill level 5 in Polearms
  2825 | D:4      | Reached XP level 6. HP: 27/49 MP: 6/6
  2970 | D:4      | Found a runed translucent door.
  3010 | D:4      | Found an ornate altar of the Wu Jian Council.
  3261 | D:4      | Identified a +0 short sword
  3268 | D:4      | Reached skill level 1 in Invocations
  3279 | D:4      | Identified a +0 chain mail (You found it on level 2 of the
                  | Dungeon)
  3375 | D:4      | Noticed lepoulpe303's ghost (novice HaBe)
  3456 | D:4      | Identified a cursed +0 mace
  3456 | D:4      | Identified a +0 ring mail
  3456 | D:4      | Identified a +0 short sword
  3462 | D:4      | Identified a +0 mace
  3462 | D:4      | Identified a +0 leather armour
  3469 | D:4      | Reached skill level 4 in Dodging
  3578 | D:4      | Identified a +0 short sword
  3676 | D:4      | Identified a +0 hand axe
  3712 | D:4      | Reached *** piety under Uskayaw
  3719 | D:4      | Identified a +0 giant club
  3725 | D:4      | Reached **** piety under Uskayaw
  3726 | D:4      | Reached XP level 7. HP: 25/55 MP: 2/8
  4138 | D:4      | Killed lepoulpe303's ghost
  4138 | D:4      | Reached skill level 5 in Fighting
  4138 | D:4      | Reached skill level 6 in Polearms
  4138 | D:4      | Reached skill level 3 in Armour
  4138 | D:4      | Reached skill level 5 in Dodging
  4138 | D:4      | Reached skill level 4 in Shields
  4138 | D:4      | Reached skill level 2 in Invocations
  4300 | D:5      | Entered Level 5 of the Dungeon
  4380 | D:5      | Reached XP level 8. HP: 63/63 MP: 9/9
  4396 | D:5      | Identified a +0 cloak (You found it on level 5 of the
                  | Dungeon)
  4617 | D:5      | Reached skill level 7 in Polearms
  4635 | D:5      | Found a staircase to the Ecumenical Temple.
  4727 | D:5      | Found a hazy altar of Hepliaklqana.
  4856 | D:5      | Reached skill level 6 in Dodging
  4908 | D:5      | Reached skill level 6 in Fighting
  5243 | D:5      | Identified a +0 pair of boots (You found it on level 5 of
                  | the Dungeon)
  5381 | D:5      | Identified 3 scrolls of blinking
  5416 | D:6      | Identified a +0 mace
  5638 | D:6      | Reached skill level 3 in Invocations
  5767 | D:6      | Identified a +0 halberd
  5767 | D:6      | Identified a +0 spear
  5768 | D:6      | Identified a +0 whip
  5812 | D:6      | Identified a ring of flight (You found it on level 4 of the
                  | Dungeon)
  5841 | D:6      | Identified a +2 whip of freezing
  5841 | D:6      | Identified a +0 robe
  5841 | D:6      | Noticed Pikel
  5861 | D:6      | Killed Pikel
  5861 | D:6      | Reached skill level 8 in Polearms
  5861 | D:6      | Reached skill level 7 in Dodging
  5861 | D:6      | Reached XP level 9. HP: 42/71 MP: 11/11
  6050 | D:6      | Identified a +0 club
  6083 | D:6      | Reached skill level 7 in Fighting
  6267 | D:6      | Identified a +0 falchion
  6267 | D:6      | Identified a +0 leather armour
  6267 | D:6      | Noticed Eustachio
  6323 | D:6      | Killed Eustachio
  6323 | D:6      | Reached skill level 5 in Shields
  6466 | D:7      | Identified a +0 giant spiked club
  6473 | D:7      | Reached skill level 9 in Polearms
  6581 | D:7      | Noticed Prince Ribbit
  6614 | D:7      | Killed Prince Ribbit
  6614 | D:7      | Reached skill level 4 in Armour
  6614 | D:7      | Reached skill level 8 in Dodging
  6682 | D:7      | Reached skill level 4 in Invocations
  6865 | D:7      | Identified a +0 shortbow
  7087 | D:7      | Identified a +0 giant club
  7157 | D:7      | Identified a +0 club
  7157 | D:7      | Identified a +0 leather armour
  7162 | D:7      | Identified a +0 falchion
  7162 | D:7      | Identified a +0 leather armour
  7184 | D:7      | Reached XP level 10. HP: 32/80 MP: 7/13
  7565 | D:7      | Reached skill level 8 in Fighting
  7565 | D:7      | Reached skill level 10 in Polearms
  7589 | D:7      | Identified a +0 club
  7589 | D:7      | Identified a +0 dagger
  7589 | D:7      | Identified a +0 short sword
  7589 | D:7      | Identified a +0 short sword
  7623 | D:7      | Reached ***** piety under Uskayaw
  7646 | D:7      | Identified a +0 club
  7678 | D:7      | Identified a +0 club
  7712 | D:7      | Reached skill level 9 in Dodging
  7739 | D:7      | HP: 20/80 [large slime creature (32)]
  7740 | D:7      | Demolished by a large slime creature

Table legend:
 A = Turns spent in this place as a percentage of turns spent in the entire game.
 B = Non-inter-level travel turns spent in this place as a percentage of non-inter-level travel turns spent in the entire game.
 C = Inter-level travel turns spent in this place as a percentage of turns spent in this place.
 D = Turns resting spent in this place as a percentage of non-inter-level travel turns spent in this place.
 E = Turns spent auto-exploring this place as a percentage of non-inter-level travel turns spent in this place.
 F = Non-inter-level travel turns spent in this place divided by the number of levels of this place that you've seen.
                   A       B       C       D       E      F
               +-------+-------+-------+-------+-------+----------------------
         Total | 100.0 | 100.0 |   4.4 |  28.1 |  50.4 | 1057.1
       Dungeon | 100.0 | 100.0 |   4.4 |  28.1 |  50.4 | 1057.1
               +-------+-------+-------+-------+-------+----------------------

Table legend:
 A = Kills in this place as a percentage of kills in entire the game.
 B = Kills by you in this place as a percentage of kills by you in the entire game.
 C = Kills by friends in this place as a percentage of kills by friends in the entire game.
 D = Other kills in this place as a percentage of other kills in the entire game.
 E = Experience gained in this place as a percentage of experience gained in the entire game.
 F = Experience gained in this place divided by the number of levels of this place that you have seen.
                   A       B       C       D       E      F
               +-------+-------+-------+-------+-------+----------------------
         Total | 100.0 | 100.0 |   N/A | 100.0 | 100.0 | 844.9
       Dungeon | 100.0 | 100.0 |   N/A | 100.0 | 100.0 | 844.9
               +-------+-------+-------+-------+-------+----------------------

Skill      XL: |  1  2  3  4  5  6  7  8  9 10 |
---------------+-------------------------------+-----
Dodging        | 1 2 3 4 5 7 8 9 |  9.1
Polearms       | 4 5 6 8 9 10 | 10.2
Fighting       | 4 5 6 7 8 |  8.2
Invocations    | 1 2 3 4 |  4.7
Armour         | 3 4 |  4.3
Shields        | 4 5 |  5.6

Action                   |  1- 3 |  4- 6 |  7- 9 | 10-12 || total
-------------------------+-------+-------+-------+-------++-------
Melee: Trident           |    83 |   253 |   492 |    96 ||   924
Invok: Line Pass         |       |     1 |     4 |     2 ||     7
       Stomp             |       |       |       |     1 ||     1
  Use: Potion            |       |     1 |       |       ||     1
       Scroll            |       |       |     1 |       ||     1
 Stab: Paralysed         |       |     1 |     6 |     8 ||    15
       Confused          |       |     1 |     1 |       ||     2
  Eat: Chunk             |     1 |     8 |     9 |     2 ||    20
       Ration            |       |       |     1 |     1 ||     2
Armor: Scale mail        |    29 |    63 |       |       ||    92
       Chain mail        |       |     9 |   155 |    24 ||   188
Dodge: Dodged            |    16 |    80 |   110 |    21 ||   227
Block: Shield            |    31 |   103 |   168 |    25 ||   327

Vanquished Creatures
  Pikel (D:6)
  The ghost of lepoulpe303 the Slasher, a novice HaBe of Trog (D:4)
  Prince Ribbit (D:7)
  A slime creature (D:7)
  A hippogriff (D:7)
  Eustachio (D:6)
  3 yaks (D:7)
  2 ice beasts (D:6)
  A sky beast (D:5)
  A centaur (D:7)
  3 ogres
  5 big kobolds (D:7)
  Blork the orc (D:4)
  3 bullfrogs
  A howler monkey (D:4)
  5 crimson imps
  2 bullfrog zombies (D:6)
  2 jellies (D:7)
  3 hounds
  An orc priest (D:4)
  A bullfrog skeleton (D:5)
  2 iguanas
  2 orc wizards (D:3)
  A killer bee zombie (D:5)
  6 worker ants
  A howler monkey zombie (D:7)
  2 worker ant zombies (D:5)
  A howler monkey skeleton (D:4)
  9 adders
  3 gnolls (D:6)
  A shadow imp (D:7)
  A white imp (D:5)
  6 oozes
  An adder skeleton (D:4)
  An adder zombie (D:5)
  5 dart slugs
  4 leopard geckos
  18 orcs
  3 bats
  4 giant cockroaches
  7 goblins
  6 hobgoblins
  14 jackals
  2 quokkas
  4 frilled lizards
  A jackal skeleton (D:5)
  8 kobolds
  A leopard gecko skeleton (D:5)
  A leopard gecko zombie (D:7)
  5 rats
160 creatures vanquished.

Vanquished Creatures (others)
  2 fungi (D:7)
  10 toadstools (D:7)
12 creatures vanquished.

Grand Total: 172 creatures vanquished
